AoeStats
← ITA | Raffy

Nomad

504343199Analyzed
4v4 RM · 27d ago on Sep 4, 2026· 32m 10s· 8 players
Game mode
Random Map
Map size
231×231
Population
200
Speed
Normal
Resources
Standard
Victory
Conquest
Starting age
Dark Age
Ending age
Imperial Age
RankedLock teamsTeams togetherTeam positionsShared explorationLock speedFull tech treeHidden civsTurbo modeCheats
Victory
Defeat
🇪🇸 Persians · Spain
1358
+14
🇦🇷 Khitans · Argentina
1320
+15
🇨🇴 Vikings · Colombia
1315
+15
🇪🇨 Tupi · Ecuador
1276
+17
🇺🇸 Inca · United States
1361
-17
🇮🇹 Lithuanians · Italy
1320
-16
1285
-15
🇺🇸 Armenians · United States
1249
-13
Rosa Luxemburg
4:53 Loom
12:56 Feudal Age
13:33 Double-Bit Axe
22:20 Castle Age
21:49 Bloodlines
21:46 Scale Barding Armor
21:52 Forging
22:05 Fishing Lines
26:06 Medium Warships
26:09 Bow Saw
25:52 Gold Mining
28:49 Gold Shaft Mining
29:32 Light Cavalry
30:52 Gillnets
Jinxo
3:13 Loom
12:39 Feudal Age
13:27 Double-Bit Axe
14:03 Horse Collar
14:24 Fletching
15:30 Padded Archer Armor
22:53 Castle Age
21:21 Gold Mining
22:31 Forging
23:15 Crossbowman
24:25 Bodkin Arrow
26:46 Ballistics
28:48 Wheelbarrow
29:31 Arson
29:47 Squires
30:17 Leather Archer Armor
Alud | lllpollo
5:52 Loom
16:17 Feudal Age
16:22 Man-at-Arms
22:03 Gold Mining
22:01 Double-Bit Axe
27:46 Castle Age
27:37 Fletching
28:12 Stone Mining
[KoA]M4GNO
9:03 Loom
13:25 Feudal Age
26:59 Castle Age
26:44 Scale Barding Armor
27:04 Light Cavalry
28:12 Chain Barding Armor
29:29 Forging
[GG] Trollermeister
6:13 Loom
14:12 Feudal Age
18:09 Castle Age
16:43 Double-Bit Axe
21:25 Medium Warships
27:31 Fletching
killerdonkeywithacapitalk
4:37 Loom
14:28 Feudal Age
17:13 Fletching
18:31 Wheelbarrow
17:51 Gold Mining
18:26 Double-Bit Axe
19:57 Fishing Lines
28:56 Castle Age
29:52 Medium Warships
29:38 Bodkin Arrow
タタールが村に入った
3:41 Loom
13:15 Feudal Age
16:52 Scale Barding Armor
17:52 Forging
ITA | Raffy
3:09 Loom
13:50 Feudal Age
18:23 Castle Age
18:02 Horse Collar
21:31 Double-Bit Axe
23:21 Stone Mining
24:57 Bow Saw
25:33 Gold Mining
26:56 Fletching
27:24 Town Watch
Connection lost

Rejoining the realm…

Still unreachable

The connection could not be restored.

Session expired

The server has moved on; the page needs a fresh start.